Map: Site Delta LE

Players

Subwayeatn - Winner!

  • Race: Zerg Zerg
  • League: Diamond
  • Spawn Location: 11:00

IIIIlllIIIll

  • Race: Zerg Zerg
  • League: Diamond
  • Spawn Location: 5:00

VOD

Have the link to the VOD?

Description

Time

  • Played on: Nov. 16, 2023, 11:36 a.m.
  • Length: 3:32
Show
View Real Time Build Order
Export as new Build Order

Subwayeatn Zerg - Winner!

Build Orders: Pool First 

Get SALT Encoding   

  12  0:00  Drone  
  13  0:08  Drone  
  14  0:15  Extractor  
  13  0:28  Spawning Pool  
  12  0:56  Hatchery  
  11  1:16  Queen  
  13  1:30  Metabolic Boost  
  13  1:34  Overlord  
  13  1:39  Zergling x2  
  14  1:52  Zergling x4  
  16  1:57  Zergling x2  
  17  2:08  Queen  
  19  2:10  Zergling x2  
  21  2:15  Zergling x2  
  21  2:21  Zergling x2  
  22  2:25  Zergling x2  
  23  2:39  Zergling x6  
  26  2:44  Zergling x2  
  26  2:48  Zergling x2  
Show
View Real Time Build Order
Export as new Build Order

IIIIlllIIIll Zerg 

Build Orders: Pool First 

Get SALT Encoding   

  12  0:00  Drone  
  13  0:08  Drone  
  14  0:16  Overlord  
  14  0:34  Drone x2  
  16  0:42  Spawning Pool  
  15  0:44  Drone  
  15  0:48  Drone  
  17  1:11  Hatchery  
  16  1:14  Drone  
  17  1:28  Extractor  
  17  1:29  Zergling x6  
  19  1:35  Queen  
  21  1:43  Overlord  
  21  1:51  Drone  
  23  2:01  Drone  
  23  2:10  Queen  
  23  2:14  Drone  
  26  2:24  Drone x2  
  28  2:37  Queen  
  30  2:52  Zergling x2  
  30  2:53  Zergling x2  
  30  2:57  Spine Crawler  
  30  3:00  Zergling x6  
  30  3:01  Zergling x4  
Tags
 
Add a new tag
Caveats
  • Supply blocks, unpowered buildings, or Contaminate may cause inaccurate times.
  • Supply counts are checked every 10 seconds.